 Dungeon Crawl Stone Soup version 0.19-a0-1225-gf887c1c (webtiles) character file.

120 st0uf the Sneak (level 4, -2/31 HPs)
             Began as a Vampire Enchanter on Aug 25, 2016.
             Slain by a gnoll
             ... wielding a +0 spear
              (5 damage)
             ... on level 2 of the Dungeon.
             The game lasted 00:13:22 (2267 turns).

st0uf the Sneak (Vampire Enchanter)                 Turns: 2267, Time: 00:13:23

Health: -2/31      AC:  3    Str:  8    XL:     4   Next: 75%
Magic:  1/8        EV: 13    Int: 17    God:
Gold:   58         SH:  0    Dex: 14    Spells: 2 memorised, 5 levels left

rFire  . . .     SeeInvis +     a - +1 dagger
rCold  + . .     Gourm    .     b - +1 robe
rNeg   + + .     Faith    .     (no shield)
rPois  +         Spirit   .     (no helmet)
rElec  .         Dismiss  .     (no cloak)
rCorr  .         Reflect  .     (no gloves)
MR     .....     Harm     .     (no boots)
Stlth  ++++......               e - amulet of magic regeneration
                                (no ring)
                                (no ring)

@: lethally poisoned (-2 -> -15), very slightly contaminated, regenerating
slowly
A: fangs 3, see invisible, unbreathing
a: Bat Form


You were on level 2 of the Dungeon.
You were thirsty.

You visited 1 branch of the dungeon, and saw 2 of its levels.

You collected 58 gold pieces.

Inventory:

Hand Weapons
 a - a +1 dagger (weapon)
Armour
 b - a +1 robe (worn)
Jewellery
 e - an amulet of magic regeneration (around neck)
 m - a cursed ring of magical power {unknown}
Scrolls
 f - a scroll of immolation {unknown}
 g - a scroll of teleportation {unknown}
 i - 3 scrolls of identify {unknown}
 k - a scroll of blinking {unknown}
 l - a scroll of fear {unknown}
 n - a scroll of fog {unknown}
Potions
 d - 10 potions of blood
 h - a potion of flight {unknown}
 j - a potion of ambrosia {unknown}
 o - a potion of heal wounds {unknown}
Books
 c - a book of Maledictions

   Spells                             Type                      Level
   a - Corona                         Hexes                        1
   b - Ensorcelled Hibernation        Hexes/Ice                    2
   c - Confuse                        Hexes                        3
   d - Tukima's Dance                 Hexes                        3
   e - Dazzling Spray                 Conjuration/Hexes            3


   Skills:
 + Level 0.6 Fighting
 + Level 1.2 Short Blades
 + Level 2.6 Dodging
 + Level 6.0 Stealth
 + Level 3.0 Spellcasting
 + Level 0.1 Conjurations
 + Level 5.2 Hexes


You had 5 spell levels left.
You knew the following spells:

 Your Spells              Type           Power        Failure   Level  Hunger
a - Corona                Hex            ###....      1%          1    None
b - Dazzling Spray        Conj/Hex       ##....       21%         3    ###....


Dungeon Overview and Level Annotations

Branches:
Dungeon (2/15)

Altars:
Nemelex Xobeh


Innate Abilities, Weirdness & Mutations

You heal slowly.
You have razor-sharp teeth.
You have supernaturally acute eyesight. (SInv)
You can survive without breathing.


Message History

Casting: Dazzling Spray
Confirm with . or Enter, or press ? or * to list all spells.
Aiming: Corona
Press: ? - help, Shift-Dir - straight line, f - adder, p - gnoll
Aim: an adder (moderately wounded, chance to defeat MR: 67%)
The adder is outlined in light.
You feel sick. The adder bites you. x2
* * * LOW HITPOINT WARNING * * *
You hit the adder.
The adder is heavily wounded.
The adder bites you.
* * * LOW HITPOINT WARNING * * *
You are more poisoned.
The adder poisons you!
Unknown command.
You hit the adder. Your bite misses the adder.
The adder is severely wounded.
* * * LOW HITPOINT WARNING * * *
You feel sick. The adder barely misses you.
The gnoll hits you from afar with a spear.
You die...

#.#.######.#................#
#.#.g....#.#................#
#.######.#.'................#
#.#....#.###....S...........##
#.#.#<##.# #..................
#.#.####.# #..................
#......).# ##g#####........(..
#...).##.# #S#####..........#
####.....#######@#...............
..............)..#.###..........#
#####.#########..........####'#..
#.# #..........# #.### #.#
#..........####.#.. ####.#######
#..........##..+#.# ##..........#
#.......)...⌠.⌠.... ............#
####......#.._...## ............#
#......#.⌠.⌠..'.


You could see a gnoll and an adder.

Vanquished Creatures
  3 gnolls (D:2)
  5 adders (D:2)
  2 dart slugs
  A giant gecko (D:2)
  8 bats
  2 giant cockroaches (D:1)
  9 goblins
  A hobgoblin (D:2)
  A quokka (D:2)
  3 giant newts
  5 kobolds
  5 rats
45 creatures vanquished.

Notes
Turn   | Place    | Note
-------+----------+-------------------------------------------
     0 | D:1      | st0uf the Vampire Enchanter began the quest for the Orb.
     0 | D:1      | Reached XP level 1. HP: 13/13 MP: 3/3
   209 | D:1      | Reached XP level 2. HP: 19/19 MP: 5/5
   587 | D:1      | Reached skill level 5 in Stealth
   723 | D:2      | Reached XP level 3. HP: 11/24 MP: 6/6
  1105 | D:2      | Found a sparkling altar of Nemelex Xobeh.
  1253 | D:2      | Reached skill level 5 in Hexes
  1495 | D:2      | Reached XP level 4. HP: 18/31 MP: 8/8
  1625 | D:2      | Learned a level 3 spell: Dazzling Spray
  2247 | D:2      | Reached skill level 6 in Stealth
  2267 | D:2      | Slain by a gnoll

Vault maps used:
D:1:      nicolae_arrival_memento_mori
D:2:      nemelex_xobeh_ov_fountains_minmay

Skill      XL: |  1  2  3  4 |
---------------+-------------+-----
Stealth        | 5 6 |  6.0
Hexes          | 5 |  5.2
Spellcasting   | 3 |  3.0
Fighting       | |  0.6
Short Blades   | |  1.2
Dodging        | |  2.6
Conjurations   | |  0.1

Action                   |  1- 3 |  4- 6 || total
-------------------------+-------+-------++-------
Melee: Dagger            |   101 |    20 ||   121
       Bite              |     4 |     1 ||     5
 Cast: Corona            |    28 |     1 ||    29
       Dazzling Spray    |       |    14 ||    14
  Use: Potion            |     2 |     2 ||     4
 Stab: Sleeping          |    10 |     4 ||    14
       Invisible         |       |     1 ||     1
  Eat: Corpse            |     1 |     1 ||     2
Armor: Robe              |    22 |       ||    22
Dodge: Dodged            |    58 |     8 ||    66
